 Dungeon Crawl Stone Soup version 0.25-a0-413-g3b4b6a4ccc (webtiles) character file.

Game seed: 8160121982410379092, levelgen mode: deterministic

628 Borgoz the Cudgeler (level 7, -12/44 HPs)
             Began as a Gargoyle Gladiator on Jan 14, 2020.
             Killed from afar by a steam dragon (16 damage)
             ... with a ball of steam
             ... on level 5 of the Dungeon.
             The game lasted 00:07:00 (4131 turns).

Borgoz the Cudgeler (Gargoyle Gladiator)            Turns: 4131, Time: 00:07:00

Health: -12/44     AC: 14    Str: 20    XL:     7   Next: 48%
Magic:  7/7        EV: 12    Int:  8    God:
Gold:   354        SH:  0    Dex: 11    Spells: 6/6 levels left

rFire    . . .     SeeInvis .   a - +0 flail
rCold    . . .     Gourm    .   (no shield)
rNeg     + . .     Faith    .   l - +0 ring mail
rPois    ∞         Spirit   .   c - +0 helmet
rElec    +         Reflect  .   (no cloak)
rCorr    .         Harm     .   (no gloves)
MR       .....                  h - +1 pair of boots
Stlth    +.........             m - amulet of inaccuracy (curse)
HPRegen  0.14/turn              (no ring)
MPRegen  0.10/turn              (no ring)

@: no status effects
A: negative energy resistance 1, electricity resistance, unbreathing,
petrification resistance, rot immunity, AC +4
a: no special abilities


You were on level 5 of the Dungeon.
You were not hungry.

You visited 1 branch of the dungeon, and saw 5 of its levels.

You collected 354 gold pieces.

Inventory:

Hand Weapons
 a - a +0 flail (weapon)
Missiles
 d - a throwing net (quivered)
Armour
 c - a +0 helmet (worn)
 h - a +1 pair of boots (worn)
 l - a +0 ring mail (worn)
Jewellery
 m - a cursed amulet of inaccuracy (around neck)
Wands
 q - a wand of iceblast (8)
 r - a wand of polymorph (8)
 t - a wand of random effects (18)
Scrolls
 e - 4 scrolls of amnesia
 g - 5 scrolls of teleportation
 i - a scroll of enchant armour {unknown}
 n - a scroll of identify {unknown}
 s - a scroll of vulnerability {unknown}
 u - 2 scrolls of fear
Potions
 b - a potion of brilliance {unknown}
 j - a potion of cancellation {unknown}
 k - a potion of lignification {unknown}
 p - 3 potions of curing {unknown}
Comestibles
 f - 9 rations
 o - 6 chunks of flesh


   Skills:
 + Level 4.7 Fighting
 + Level 4.9 Maces & Flails
 - Level 1.7 Throwing
 + Level 4.0 Armour
 + Level 4.0 Dodging


You had 6 spell levels left.
You didn't know any spells.
Your spell library contained the following spells:

 Spells                   Type           Power        Failure   Level  Hunger
 Shock                    Conj/Air       #...         56%         1    ##.....
 Swiftness                Chrm/Air       #.......     71%         2    ###....
 Static Discharge         Conj/Air       #.......     91%         3    ####...
 Airstrike                Air            #.........   100%        4    #####..
 Lightning Bolt           Conj/Air       #.........   100%        5    ######.


Dungeon Overview and Level Annotations

Branches:
Dungeon (5/15)
 Temple: D:4-7

Altars:
Cheibriados
Gozag
Ru
Sif Muna
Trog
Zin


Innate Abilities, Weirdness & Mutations

You are resistant to torment.
Your stone body is resilient. (AC +4)
You are immune to poison.
You resist negative energy. (rN+)
You are resistant to electric shocks. (rElec)
You can survive without breathing.
You are immune to petrification.
You are immune to rotting.


Message History

The steam dragon is moderately wounded.
You are engulfed in a cloud of scalding steam.
The steam dragon barely misses you.
The steam dragon claws you but does no damage.
The steam dragon bites you. The steam dragon closely misses you.
You miss the steam dragon.
The steam dragon is moderately wounded.
You are engulfed in a cloud of scalding steam.
The fungus is engulfed in a cloud of scalding steam.
The steam dragon closely misses you.
The steam dragon claws you but does no damage.
The steam dragon bites you but does no damage.
The steam dragon closely misses you. The steam dragon breathes steam at you.
The ball of steam hits you!
* * * LOW HITPOINT WARNING * * *
The fungus is engulfed in a cloud of scalding steam.
The steam dragon breathes steam at you. The ball of steam hits you!
You die...

.###.# #._..._.# #.... .# #.##
#.......# ###.. .# #..# ##.....##
##. .# ##.## ###'#########. .#
#..# #### #............
.#####.###P≈.# #############
.....#.##.P.PP# ########.≈
.....#.#.P...≈.#########≈≈P≈≈≈..P
.....#.#≈....≈D§@§≈^..≈≈.........
.....#.#≈.....D..§.§.....≈.P.≈≈≈≈
.....#.##P....§P§...≈#######P.P.^
.....#..#P≈P^.^#######....)###P..
.....##.###.P## #....####
..........##### #..#.....
........#.....## ####.#.###.
#####...#####..# ##......# ##
#...# ##.# .#...#.###


You could see 2 steam dragons.

Vanquished Creatures
  A centaur (D:2)
  A howler monkey (D:5)
  A bullfrog zombie (D:3)
  A jelly (D:5)
  A bullfrog skeleton (D:4)
  An orc priest (D:5)
  3 orc wizards (D:4)
  An iguana (D:5)
  4 worker ants
  7 adders
  2 oozes
  An adder skeleton (D:5)
  A worm (D:5)
  4 dart slugs
  6 leopard geckos
  10 orcs
  3 giant cockroaches
  8 goblins
  5 hobgoblins
  5 jackals (D:1)
  3 quokkas
  A ball python (D:2)
  9 bats
  8 frilled lizards
  A giant cockroach zombie (D:5)
  5 kobolds
  8 rats
101 creatures vanquished.

Notes
Turn   | Place    | Note
-------+----------+-------------------------------------------
     0 | D:1      | Borgoz the Gargoyle Gladiator began the quest for the Orb.
     0 | D:1      | Reached XP level 1. HP: 12/12 MP: 1/1
     2 | D:1      | Noticed a human
     2 | D:1      | Noticed a demonspawn
     4 | D:1      | Noticed an ogre
     4 | D:1      | Noticed a gargoyle
     6 | D:1      | Noticed a centaur
     6 | D:1      | Noticed a draconian
     8 | D:1      | Noticed a spriggan
     8 | D:1      | Noticed a dwarf
    10 | D:1      | Noticed a felid
    12 | D:1      | Noticed a halfling
    12 | D:1      | Noticed a tengu
    14 | D:1      | Noticed a minotaur
    14 | D:1      | Noticed a demigod
    16 | D:1      | Noticed a merfolk
    18 | D:1      | Noticed a formicid
    18 | D:1      | Noticed an elf
    20 | D:1      | Noticed a troll
    20 | D:1      | Noticed a vampire
    22 | D:1      | Noticed a ghoul
    24 | D:1      | Noticed an octopode
    26 | D:1      | Noticed a naga
    26 | D:1      | Noticed a vine stalker
   195 | D:1      | Reached XP level 2. HP: 16/18 MP: 2/2
   228 | D:1      | Reached skill level 1 in Armour
   714 | D:1      | Reached XP level 3. HP: 22/22 MP: 3/3
  1008 | D:2      | Noticed a centaur
  1018 | D:2      | Killed a centaur
  1018 | D:2      | Reached XP level 4. HP: 9/28 MP: 4/4
  1018 | D:2      | Reached XP level 5. HP: 10/32 MP: 5/5
  2141 | D:3      | Found a bloodstained altar of Trog.
  2305 | D:2      | Found a shimmering blue altar of Sif Muna.
  2525 | D:3      | Reached XP level 6. HP: 38/38 MP: 6/6
  2789 | D:4      | Found a sacrificial altar of Ru.
  3066 | D:4      | Found a snail-covered altar of Cheibriados.
  3249 | D:4      | Reached XP level 7. HP: 37/44 MP: 7/7
  3408 | D:5      | Entered Level 5 of the Dungeon
  4071 | D:5      | Found an opulent altar of Gozag.
  4072 | D:5      | Found a glowing silver altar of Zin.
  4124 | D:5      | Noticed a steam dragon
  4125 | D:5      | Noticed a steam dragon
  4131 | D:5      | Killed from afar by a steam dragon

Levels and vault maps discovered:
D:1:      kb_arrival_jail, layout_basic
D:2:      lemuel_upstairs_altar, layout_loops_corners, first_ration,
          chequers_arboretum
D:3:      layout_loops_cross, trog_book
D:4:      layout_rooms, lemuel_crystal_altar,
          nicolae_ru_great_annihilating_truth
D:5:      kennysheep_steamy, layout_basic,
          grunt_temple_overflow_gold_and_silver, serial_shops, shop

Skill      XL: |  1  2  3  4  5  6  7 |
---------------+----------------------+-----
Armour         | 1 2 3 4 |  4.0
Fighting       | 3 4 |  4.7
Dodging        | 3 4 |  4.0
Maces & Flails | 4 |  4.9
Throwing       | |  1.7

Action                   |  1- 3 |  4- 6 |  7- 9 || total
-------------------------+-------+-------+-------++-------
Melee: Flail             |    99 |   206 |    92 ||   397
Throw: Throwing net      |     2 |       |       ||     2
  Use: Potion            |     2 |     1 |       ||     3
       Scroll            |       |       |     3 ||     3
 Stab: Invisible         |       |     1 |       ||     1
       Paralysed         |       |     1 |       ||     1
  Eat: Chunk             |       |     8 |     3 ||    11
Armor: Leather armour    |    66 |    10 |       ||    76
       Ring mail         |       |   103 |    50 ||   153
Dodge: Dodged            |    91 |   181 |    63 ||   335

Table legend:
 A = Non-vault XP
 B = Vault XP
 C = Vault XP percentage of total XP
 D = Non-vault monster count
 E = Vault monster count
 F = Vault count percentage of total count
                 A         B        C        D         E       F
            +---------+---------+-------+---------+---------+-------
      Total |     857 |      41 |   4.6 |      97 |       4 |   4.0
            +---------+---------+-------+---------+---------+-------
        D:1 |      48 |       0 |   0.0 |      23 |       0 |   0.0
        D:2 |     164 |       0 |   0.0 |      21 |       0 |   0.0
        D:3 |     124 |       0 |   0.0 |      22 |       0 |   0.0
        D:4 |     243 |      41 |  14.4 |      13 |       4 |  23.5
        D:5 |     278 |       0 |   0.0 |      18 |       0 |   0.0
            +---------+---------+-------+---------+---------+-------
